[Event "ICC tourney 2754 (45 5)"]
[Site "Internet Chess Club"]
[Date "2021.12.04"]
[Round "3"]
[White "BAGCHI, SOUNAK:Chesssaga"]
[Black "Clark, Dylan:SkywalkerRisen"]
[Result "1-0"]
[ICCResult "Black resigns"]
[WhiteElo "1876"]
[BlackElo "1541"]
[Opening "Sicilian, Chekhover variation"]
[ECO "B53"]
[NIC "SI.02"]
[Time "15:30:22"]
[PlyCount "101"]
[TimeControl "2700+5"]

1. e4 c5 2. Nf3 d6 3. d4 cxd4 4. Qxd4 Bd7 5. c4 Nc6 6. Qe3 Nf6 7. h3 Nb4 8.
Bd3 Bc6 9. Nc3 e6 10. O-O Be7 11. b3 a6 12. Bb2 Nxd3 13. Qxd3 O-O 14. Nd4
Qc7 15. Rac1 Rac8 16. Rfd1 Qb8 17. Qe2 Nd7 18. Ba3 Rfe8 19. Kh1 b6 20. Nf3
Rcd8 21. Rd2 Bf8 22. Rcd1 d5 23. Bxf8 Kxf8 24. exd5 exd5 25. Qd3 Nf6 26.
cxd5 Bb7 27. Qd4 Rd6 28. Qf4 Red8 29. Ne4 Nxe4 30. Qxe4 Kg8 31. Qf5 g6 32.
Qe5 Re8 33. Qg5 Kg7 34. Qf4 Qc7 35. Qd4+ f6 36. Qf4 Qd8 37. Qb4 h5 38. Qc4
b5 39. Qc5 Bc8 40. Nd4 Rxd5 41. Qc6 Rd6 42. Qxd6 Qxd6 43. Nf5+ Bxf5 44. Rxd6
Bc2 45. Rc1 Be4 46. Rxa6 g5 47. a4 bxa4 48. bxa4 Bd3 49. Rd6 Bf5 50. Rcc6
Rf8 51. a5 {Black resigns} 1-0

[Event "ICC tourney 2754 (45 5)"]
[Site "Internet Chess Club"]
[Date "2021.12.04"]
[Round "3"]
[White "FILIPOVICH, DAVID MICHAEL:dmfcan"]
[Black "NATHAN, NITISH SG:K06-15494283"]
[Result "1/2-1/2"]
[ICCResult "Black stalemated"]
[WhiteElo "2050"]
[BlackElo "1854"]
[Opening "Réti: King's Indian attack (Barcza system)"]
[ECO "A07"]
[NIC "RE.06"]
[Time "15:30:12"]
[PlyCount "135"]
[TimeControl "2700+5"]

1. Nf3 d5 2. g3 Nf6 3. Bg2 c6 4. c4 Bf5 5. cxd5 cxd5 6. Qb3 Qb6 7. Qxb6 axb6
8. Nc3 Nbd7 9. Nd4 Be4 10. Nxe4 dxe4 11. Nb5 Rc8 12. Nc3 Nc5 13. O-O e5 14.
b4 Ne6 15. Nxe4 Nd4 16. Nxf6+ gxf6 17. e3 Nc2 18. Rb1 Nxb4 19. Bxb7 Rb8 20.
Ba3 Rxb7 21. Bxb4 Bxb4 22. Rxb4 Ke7 23. Rfb1 Ra8 24. Rxb6 Rxb6 25. Rxb6 Rxa2
26. Rb8 Rxd2 27. Rh8 f5 28. Rxh7 Kf6 29. Kg2 Kg6 30. Rh4 Rc2 31. Ra4 Rc6 32.
Ra5 f6 33. Ra4 Rc8 34. Kf3 Rc2 35. g4 Kg5 36. Kg3 fxg4 37. Rxg4+ Kh6 38. Kf3
Kh5 39. Rg2 Rc4 40. Rg8 Rb4 41. Kg3 Rc4 42. h4 Rc1 43. Rh8+ Kg6 44. Kf3 Rh1
45. Kg2 Rc1 46. Ra8 Kh5 47. Ra4 Rb1 48. f4 exf4 49. Rxf4 Re1 50. Kf2 Rh1 51.
Rxf6 Rxh4 52. Rf8 Kg5 53. Ke2 Rh6 54. Kd3 Re6 55. Kd4 Kg6 56. e4 Kg7 57. Rf5
Ra6 58. e5 Ra4+ 59. Ke3 Ra1 60. Rf4 Ra3+ 61. Ke4 Ra4+ 62. Kf5 Rxf4+ 63. Kxf4
Kf7 64. Kf5 Ke7 65. e6 Ke8 66. Kf6 Kf8 67. e7+ Ke8 68. Ke6 {Black
stalemated} 1/2-1/2

[Event "ICC tourney 2754 (45 5)"]
[Site "Internet Chess Club"]
[Date "2021.12.04"]
[Round "3"]
[White "BUENAVISTA, PROSPERO SILOS:perryb"]
[Black "WU, JAYDEN:SparkyNinja"]
[Result "1/2-1/2"]
[ICCResult "Game drawn by mutual agreement"]
[WhiteElo "2031"]
[BlackElo "1718"]
[Opening "Queen's pawn: London system"]
[ECO "A45"]
[NIC "QP.05"]
[Time "15:30:23"]
[PlyCount "102"]
[TimeControl "2700+5"]

1. d4 Nf6 2. Bf4 e6 3. Nf3 d5 4. e3 Bd6 5. Bg3 O-O 6. Bd3 c5 7. c3 Nc6 8.
Nbd2 b6 9. Ne5 Qc7 10. f4 Bb7 11. O-O Ne7 12. Bh4 Ne4 13. Nxe4 dxe4 14. Be2
Nf5 15. Bf2 f6 16. Nc4 Rfd8 17. Nxd6 Qxd6 18. Qb3 cxd4 19. cxd4 Bd5 20. Bc4
Rac8 21. Rac1 Ne7 22. Bg3 Bxc4 23. Rxc4 Rxc4 24. Qxc4 Rc8 25. Qa6 Qd7 26.
Qe2 Nd5 27. a3 f5 28. Qd2 Qb5 29. Rc1 Rc4 30. Kf2 Qc6 31. Rxc4 Qxc4 32. h3
Kf7 33. Qe2 Qxe2+ 34. Kxe2 Ke7 35. Be1 Kd6 36. Bd2 Kc6 37. g4 g6 38. g5 Kb5
39. b3 a5 40. Kd1 a4 41. Kc2 Ne7 42. Bb4 Nd5 43. Bd2 Ne7 44. Bb4 Nc6 45. Bd2
Ne7 46. Bb4 Nd5 47. Bd2 Ne7 48. h4 Nd5 49. Kb2 Ne7 50. Kc3 Nd5+ 51. Kc2 Ne7
{Game drawn by mutual agreement}
1/2-1/2

[Event "ICC tourney 2754 (45 5)"]
[Site "Internet Chess Club"]
[Date "2021.12.04"]
[Round "3"]
[White "JIANG, JASON:JasonJiang10"]
[Black "QUIRKE, JEFFREY L:PawnEatingZombi"]
[Result "0-1"]
[ICCResult "White resigns"]
[WhiteElo "1754"]
[BlackElo "2006"]
[Opening "English opening"]
[ECO "A13"]
[NIC "EO.64"]
[Time "15:30:23"]
[PlyCount "104"]
[TimeControl "2700+5"]

1. c4 e6 2. Nc3 d5 3. cxd5 exd5 4. d4 c6 5. Nf3 Bf5 6. Bf4 Bd6 7. Bxd6 Qxd6
8. e3 Nd7 9. Bd3 Bxd3 10. Qxd3 Ngf6 11. O-O O-O 12. Rfe1 Rfe8 13. e4 dxe4
14. Nxe4 Nxe4 15. Rxe4 Rxe4 16. Qxe4 Nf6 17. Qc2 Re8 18. h3 Qd5 19. b3 Nh5
20. Qd2 Qd6 21. Re1 Rd8 22. Qa5 Nf4 23. Qe5 Ne6 24. Qxd6 Rxd6 25. Re2 f6 26.
Rd2 Kf7 27. g3 g5 28. Kf1 h5 29. Ke2 g4 30. hxg4 hxg4 31. Nh2 Nxd4+ 32. Ke3
Nf5+ 33. Ke2 Rxd2+ 34. Kxd2 Nh6 35. Ke3 f5 36. Kf4 Kf6 37. f3 gxf3 38. Nxf3
Ng8 39. g4 fxg4 40. Kxg4 Ke6 41. Kf4 Kd5 42. Ke3 Kc5 43. a3 Nf6 44. Kd3 a5
45. Nd2 b5 46. Kc3 Kd5 47. a4 Ne4+ 48. Kd3 Nxd2 49. Kxd2 bxa4 50. bxa4 Kc4
51. Kc2 Kb4 52. Kd3 c5 {White resigns} 0-1

[Event "ICC tourney 2754 (45 5)"]
[Site "Internet Chess Club"]
[Date "2021.12.04"]
[Round "3"]
[White "HEBDEN, MARK L:mhebden"]
[Black "NGUYEN, TIEN:ngthanhthuytien"]
[Result "1/2-1/2"]
[ICCResult "Game drawn by mutual agreement"]
[WhiteElo "2505"]
[BlackElo "2103"]
[Opening "Neo-Grünfeld, 6.O-O"]
[ECO "D77"]
[NIC "GI.02"]
[Time "15:30:23"]
[PlyCount "132"]
[TimeControl "2700+5"]

1. d4 Nf6 2. Nf3 g6 3. g3 Bg7 4. Bg2 O-O 5. O-O d5 6. c4 dxc4 7. Na3 Na6 8.
Nxc4 c5 9. dxc5 Be6 10. Qxd8 Rfxd8 11. Na5 Bd5 12. Ne5 Ne4 13. Nd3 Nexc5 14.
Nxc5 Bxg2 15. Kxg2 Nxc5 16. Be3 Bxb2 17. Rab1 Bd4 18. Bxd4 Rxd4 19. Nxb7 Ne6
20. Rb2 a5 21. a3 Ra4 22. Rb3 Nd4 23. Re3 Ne6 24. Rc1 Rb8 25. Nc5 Rc8 26.
Nxa4 Rxc1 27. Nb6 Rc5 28. a4 Kg7 29. f4 Rc6 30. Nd5 Rc5 31. Rd3 Rc4 32. Nxe7
Rxa4 33. Nc6 Ra2 34. Kf3 a4 35. Rd7 Rc2 36. Ne5 Rc7 37. Rd2 a3 38. Ra2 Rc3+
39. Nd3 Nc5 40. Ke3 Rb3 41. Kd4 Nxd3 42. exd3 Rb2 43. Rxa3 Rxh2 44. Ke4 Re2+
45. Kf3 Re6 46. d4 Kf6 47. g4 h6 48. Ra5 Rd6 49. d5 h5 50. gxh5 gxh5 51. Ke4
Rb6 52. Rc5 Rb4+ 53. Ke3 Kf5 54. d6+ Ke6 55. Rxh5 Kxd6 56. Rh6+ Ke7 57. Ra6
f6 58. Kf3 f5 59. Rh6 Kf7 60. Ra6 Ke7 61. Kg3 Kf7 62. Ra1 Kg6 63. Rg1 Kf6
64. Rf1 Ke6 65. Kh4 Kf6 66. Rf3 Ra4 {Game drawn by mutual agreement} 1/2-1/2

[Event "ICC tourney 2754 (45 5)"]
[Site "Internet Chess Club"]
[Date "2021.12.04"]
[Round "3"]
[White "MALKIEL, DANIEL E:MrSnrub"]
[Black "ALEKSANDROV, ALEKSEJ:Aleksandrov73"]
[Result "1-0"]
[ICCResult "Black resigns"]
[WhiteElo "2185"]
[BlackElo "2584"]
[Opening "English opening: Agincourt variation"]
[ECO "A13"]
[NIC "EO.64"]
[Time "15:30:22"]
[PlyCount "121"]
[TimeControl "2700+5"]

1. c4 e6 2. Nf3 d5 3. d4 a6 4. Bg5 Be7 5. Bxe7 Qxe7 6. Nbd2 Nf6 7. g3 dxc4
8. Nxc4 Nc6 9. Rc1 b5 10. Nce5 Nxe5 11. Nxe5 Bb7 12. Nc6 Bxc6 13. Rxc6 Rd8
14. Bg2 e5 15. O-O Rxd4 16. Qc2 O-O 17. e3 Rd7 18. Bh3 Rdd8 19. Rxc7 Qb4 20.
a3 Qd2 21. Rc1 b4 22. axb4 Qxb4 23. Rc4 Qb8 24. Rc6 Nd5 25. Qe2 Nb4 26. Rc7
g6 27. Bg2 Rc8 28. Qc4 Rxc7 29. Qxc7 Nd3 30. Rc2 Nxb2 31. Bd5 Nd3 32. Bxf7+
Kh8 33. Qe7 Qd8 34. Rc7 Qxe7 35. Rxe7 Nxf2 36. Kxf2 Kg7 37. Rxe5 Rxf7+ 38.
Ke2 Kf6 39. Ra5 Ra7 40. e4 Ke6 41. Ke3 Kd6 42. Kd4 Kc6 43. e5 Kb6 44. Rd5 a5
45. e6 a4 46. Rd6+ Kb5 47. Rd7 Ra8 48. e7 Re8 49. Kd5 a3 50. Ke6 Ra8 51. Rd2
Kb4 52. Kf7 Kc3 53. Ra2 Kb3 54. Re2 a2 55. Rxa2 Kxa2 56. e8=Q Rxe8 57. Kxe8
Kb3 58. Kf7 Kc4 59. Kg7 Kd4 60. Kxh7 g5 61. Kg6 {Black resigns} 1-0

[Event "ICC tourney 2754 (45 5)"]
[Site "Internet Chess Club"]
[Date "2021.12.04"]
[Round "4"]
[White "Clark, Dylan:SkywalkerRisen"]
[Black "HO, CARTER:corviknight"]
[Result "0-1"]
[ICCResult "White resigns"]
[WhiteElo "1541"]
[BlackElo "1978"]
[Opening "QGD Slav/Grünfeld: Schlechter variation"]
[ECO "D15"]
[NIC "SL.03"]
[Time "17:46:03"]
[PlyCount "47"]
[TimeControl "2700+5"]

1. d4 d5 2. c4 c6 3. Nf3 Nf6 4. Nc3 g6 5. Bf4 Bg7 6. e3 O-O 7. cxd5 cxd5 8.
Bd3 Nc6 9. a3 a6 10. O-O e6 11. Rc1 Bd7 12. b4 Rc8 13. Bd6 Re8 14. Na4 Nxd4
15. Rxc8 Bxc8 16. Bc5 Nxf3+ 17. Qxf3 e5 18. e4 Bg4 19. Qe3 Bd7 20. Bb6 Qe7
21. Nc5 d4 22. Qd2 Qd6 23. Nxd7 Nxd7 24. Bc5 {White resigns} 0-1

[Event "ICC tourney 2754 (45 5)"]
[Site "Internet Chess Club"]
[Date "2021.12.04"]
[Round "4"]
[White "ZHANG, RAYMOND TANGNING:DankMemer"]
[Black "Meng, Joshua:jmichess"]
[Result "1/2-1/2"]
[ICCResult "Game drawn by repetition"]
[WhiteElo "1636"]
[BlackElo "1707"]
[Opening "Queen's pawn, Mason variation"]
[ECO "D00"]
[NIC "QP.08"]
[Time "17:45:35"]
[PlyCount "62"]
[TimeControl "2700+5"]

1. d4 d5 2. Bf4 e6 3. e3 Nf6 4. c3 Bd6 5. Bg3 O-O 6. Bd3 b6 7. Nd2 c5 8. Qe2
Bb7 9. Ngf3 Ne4 10. Ne5 f5 11. O-O Nd7 12. Nxd7 Qxd7 13. Bxd6 Qxd6 14. Nf3
Qe7 15. Ne5 Qh4 16. Ba6 Bxa6 17. Qxa6 Rf6 18. Qe2 Rh6 19. h3 Ng5 20. c4 Rh5
21. cxd5 Nxh3+ 22. gxh3 Qxh3 23. f4 Qh1+ 24. Kf2 Rh2+ 25. Kg3 Rh3+ 26. Kf2
Rh2+ 27. Kg3 Rh3+ 28. Kf2 Rh2+ 29. Kg3 Rh3+ 30. Kf2 Rh2+ 31. Kg3 Rh3+
{Game drawn by repetition}
1/2-1/2

[Event "ICC tourney 2754 (45 5)"]
[Site "Internet Chess Club"]
[Date "2021.12.04"]
[Round "4"]
[White "HU, ALEXANDER C:ahu1015"]
[Black "MARKOVIC, GORAN:Goran21"]
[Result "1-0"]
[ICCResult "Black resigns"]
[WhiteElo "2009"]
[BlackElo "1989"]
[Opening "Sicilian: Najdorf, Adams attack"]
[ECO "B90"]
[NIC "SI.14"]
[Time "17:45:11"]
[PlyCount "103"]
[TimeControl "2700+5"]

1. e4 c5 2. Nf3 d6 3. d4 cxd4 4. Nxd4 Nf6 5. Nc3 a6 6. h3 e5 7. Nde2 b5 8.
Ng3 Bb7 9. Bg5 Nbd7 10. Be2 h6 11. Bxf6 Nxf6 12. Nd5 Nxd5 13. exd5 g6 14.
O-O Bg7 15. b4 O-O 16. a4 Qh4 17. axb5 axb5 18. Qd2 Rxa1 19. Rxa1 e4 20. Ra7
Bc8 21. Bxb5 e3 22. Qxe3 Bd4 23. Qa3 Qf4 24. Nh1 Bxa7 25. Qxa7 Qxb4 26. Bd3
Re8 27. Ng3 h5 28. Qc7 Qe1+ 29. Nf1 Qe5 30. Ne3 Qg5 31. Qxd6 Bxh3 32. Bf1 h4
33. c4 Re5 34. c5 Bxg2 35. Bxg2 h3 36. Kf1 hxg2+ 37. Kg1 Qh5 38. Kxg2 Rg5+
39. Kf1 Kg7 40. c6 Qf3 41. c7 Rh5 42. Ke1 Rh1+ 43. Kd2 Qxf2+ 44. Kd3 Rc1 45.
Qe5+ Kh7 46. d6 Qf3 47. Qh2+ Kg7 48. Qb2+ Qf6 49. Qxf6+ Kxf6 50. d7 Rxc7 51.
d8=Q+ Re7 52. Nd5+ {Black resigns} 1-0

[Event "ICC tourney 2754 (45 5)"]
[Site "Internet Chess Club"]
[Date "2021.12.04"]
[Round "4"]
[White "NATHA, NIRAV:K05-15969775"]
[Black "FILIPOVICH, DAVID MICHAEL:dmfcan"]
[Result "1/2-1/2"]
[ICCResult "Game drawn by mutual agreement"]
[WhiteElo "1477"]
[BlackElo "2050"]
[Opening "Caro-Kann: exchange variation"]
[ECO "B13"]
[NIC "CK.02"]
[Time "17:45:17"]
[PlyCount "41"]
[TimeControl "2700+5"]

1. e4 c6 2. d4 d5 3. exd5 cxd5 4. Bd3 Nc6 5. c3 g6 6. Bf4 Bg7 7. Nf3 Nh6 8.
O-O O-O 9. Nbd2 Kh8 10. Re1 f6 11. Bb5 Bd7 12. Nb3 Nf7 13. Nc5 Nd6 14. Bxd6
exd6 15. Nxd7 Qxd7 16. Qb3 Qf7 17. Re2 Rfe8 18. Rae1 Rxe2 19. Rxe2 Rd8 20.
Qd1 Re8 21. Qe1 {Game drawn by mutual agreement} 1/2-1/2

[Event "ICC tourney 2754 (45 5)"]
[Site "Internet Chess Club"]
[Date "2021.12.04"]
[Round "4"]
[White "ALEKSANDROV, ALEKSEJ:Aleksandrov73"]
[Black "SAMANT, NEIL:checkninja"]
[Result "1-0"]
[ICCResult "Black resigns"]
[WhiteElo "2584"]
[BlackElo "1905"]
[Opening "QGD: exchange, positional line"]
[ECO "D35"]
[NIC "QO.16"]
[Time "17:45:33"]
[PlyCount "83"]
[TimeControl "2700+5"]

1. d4 Nf6 2. c4 e6 3. Nc3 d5 4. cxd5 exd5 5. Bg5 Be7 6. e3 c6 7. Bd3 Nbd7 8.
h3 O-O 9. Qc2 Re8 10. Nf3 Nf8 11. O-O g6 12. Bf4 Ne6 13. Be5 b6 14. Rab1 Bb7
15. b4 Rc8 16. a4 Bd6 17. Qa2 Bxe5 18. Nxe5 Nd7 19. Nf3 Ng5 20. Nxg5 Qxg5
21. Rfd1 Nf6 22. a5 Ra8 23. Ne2 Nh5 24. Kf1 f5 25. b5 bxa5 26. bxc6 Bxc6 27.
Rdc1 Rac8 28. Ba6 Rc7 29. Bb5 Bxb5 30. Rxc7 Bc4 31. Rxc4 dxc4 32. Qxc4+ Kh8
33. Rb7 Qf6 34. Qc7 Ng7 35. Rxa7 g5 36. h4 h6 37. Ng3 f4 38. Nh5 Qg6 39.
Qxg7+ Qxg7 40. Nxg7 Re4 41. Nh5 Re8 42. Nf6 {Black resigns} 1-0

[Event "ICC tourney 2754 (45 5)"]
[Site "Internet Chess Club"]
[Date "2021.12.04"]
[Round "4"]
[White "Belous, Vladimir:Openyagami"]
[Black "SHEEHAN, ETHAN THOMAS:Chessking2008"]
[Result "1-0"]
[ICCResult "Black checkmated"]
[WhiteElo "2572"]
[BlackElo "2194"]
[Opening "English: four knights, kingside fianchetto"]
[ECO "A29"]
[NIC "EO.03"]
[Time "17:46:03"]
[PlyCount "85"]
[TimeControl "2700+5"]

1. c4 Nf6 2. Nc3 e5 3. Nf3 Nc6 4. g3 d5 5. cxd5 Nxd5 6. Bg2 Nb6 7. O-O Be7
8. d3 O-O 9. a3 Be6 10. b4 a6 11. Bb2 Qd7 12. Ne4 f6 13. Rc1 Rfd8 14. Qc2
Bh3 15. Bxh3 Qxh3 16. Qb3+ Nd5 17. Nc5 Bxc5 18. e4 Bd6 19. Rfe1 Qh5 20. d4
exd4 21. exd5 Ne5 22. Nxd4 Re8 23. Kg2 Ng4 24. h3 Rxe1 25. Rxe1 Nxf2 26.
Kxf2 Qxh3 27. Rg1 Re8 28. Qf3 Be5 29. Bc3 Qh2+ 30. Rg2 Qh1 31. Ne6 Bxc3 32.
Qxc3 c6 33. dxc6 Rxe6 34. c7 Re2+ 35. Kxe2 Qxg2+ 36. Kd1 Qf1+ 37. Kc2 Qe2+
38. Kb3 Qd1+ 39. Qc2 Qf3+ 40. Kb2 Qxg3 41. c8=Q+ Kf7 42. Qd7+ Kf8 43. Qcc8#
{Black checkmated}
1-0

[Event "ICC tourney 2754 (45 5)"]
[Site "Internet Chess Club"]
[Date "2021.12.04"]
[Round "4"]
[White "MATINIAN, NIKITA:gannikus1992"]
[Black "HEBDEN, MARK L:mhebden"]
[Result "1/2-1/2"]
[ICCResult "Game drawn by mutual agreement"]
[WhiteElo "2504"]
[BlackElo "2505"]
[Opening "Ruy Lopez: Anderssen variation"]
[ECO "C77"]
[NIC "RL.12"]
[Time "17:45:08"]
[PlyCount "136"]
[TimeControl "2700+5"]

1. e4 e5 2. Nf3 Nc6 3. Bb5 a6 4. Ba4 Nf6 5. d3 b5 6. Bb3 Be7 7. O-O O-O 8.
a3 d6 9. Nc3 Na5 10. Ba2 c5 11. Nd5 Be6 12. b4 Nc6 13. c3 Rc8 14. Be3 c4 15.
dxc4 bxc4 16. Bxc4 Nxe4 17. Bxa6 Rb8 18. Re1 Qd7 19. b5 Nd8 20. c4 f5 21. c5
dxc5 22. Nxe7+ Qxe7 23. Nxe5 f4 24. Bd2 Nd6 25. Ba5 Nxb5 26. Bxd8 Rbxd8 27.
Nc6 Qg5 28. Qe2 Bd5 29. Ne7+ Kh8 30. Nxd5 Nd4 31. Qe7 Nf3+ 32. Kh1 Qh5 33.
h3 Nxe1 34. Nxf4 Qh6 35. Rxe1 Qxf4 36. Qxc5 Qxf2 37. Qxf2 Rxf2 38. a4 Ra2
39. Bb5 g6 40. Kh2 Rdd2 41. Bc6 Rdc2 42. Re6 Kg7 43. Kg3 Rc4 44. Bb5 Ra3+
45. Kh2 Rc2 46. Re7+ Kf6 47. Rxh7 Raa2 48. Bf1 Rxa4 49. Rd7 Ra1 50. Bd3 Rd2
51. Bb5 Rxd7 52. Bxd7 Kg5 53. Bc6 Kf4 54. Bb7 g5 55. Bc6 Ra3 56. Bb7 g4 57.
hxg4 Kxg4 58. Bc8+ Kf4 59. Bb7 Ra7 60. Bf3 Rh7+ 61. Kg1 Kg3 62. Kf1 Re7 63.
Ba8 Ra7 64. Bf3 Ra2 65. Ke1 Kf4 66. Kf1 Ke3 67. Kg1 Ra7 68. Kh2 Rh7+
{Game drawn by mutual agreement}
1/2-1/2

[Event "ICC tourney 2754 (45 5)"]
[Site "Internet Chess Club"]
[Date "2021.12.04"]
[Round "4"]
[White "CHAMPSI, IMRAN:imranchamp"]
[Black "LIN, BENJAMIN GU:bgl2011"]
[Result "1-0"]
[ICCResult "Black checkmated"]
[WhiteElo "1728"]
[BlackElo "1669"]
[Opening "Evans gambit"]
[ECO "C52"]
[NIC "IG.05"]
[Time "17:46:03"]
[PlyCount "49"]
[TimeControl "2700+5"]

1. e4 e5 2. Nf3 Nc6 3. Bc4 Bc5 4. b4 Bxb4 5. c3 Ba5 6. d4 exd4 7. O-O Nf6 8.
Ba3 d6 9. e5 Nxe5 10. Nxe5 dxe5 11. Re1 e4 12. Nd2 Bf5 13. g4 Nxg4 14. Nxe4
Ne5 15. Ng3 f6 16. Nxf5 Qd7 17. Be6 Qc6 18. Nxg7+ Kd8 19. Qxd4+ Nd7 20. Rad1
Bxc3 21. Qxd7+ Qxd7 22. Rxd7+ Kc8 23. Rd8+ Kxd8 24. Rd1+ Bd4 25. Rxd4#
{Black checkmated}
1-0

[Event "ICC tourney 2754 (45 5)"]
[Site "Internet Chess Club"]
[Date "2021.12.04"]
[Round "4"]
[White "NATHAN, NITISH SG:K06-15494283"]
[Black "LIN, LEO FANYUE:Leolix"]
[Result "0-1"]
[ICCResult "White checkmated"]
[WhiteElo "1854"]
[BlackElo "1850"]
[Opening "Queen's pawn, Mason variation, Steinitz counter-gambit"]
[ECO "D00"]
[NIC "QP.08"]
[Time "17:45:09"]
[PlyCount "90"]
[TimeControl "2700+5"]

1. d4 d5 2. Bf4 c5 3. e3 Nc6 4. c3 Qb6 5. Qb3 c4 6. Qc2 e5 7. dxe5 Bf5 8.
Qc1 Nge7 9. Nf3 Ng6 10. Bg3 Bc5 11. Be2 O-O 12. O-O Rfe8 13. Nd4 Bxb1 14.
Rxb1 Ncxe5 15. b3 Qa6 16. Qd2 b5 17. h4 Rad8 18. h5 Nf8 19. Nf5 Qe6 20. Qc2
g6 21. Nd4 Bxd4 22. cxd4 Nc6 23. hxg6 hxg6 24. a4 bxa4 25. bxc4 Nxd4 26.
exd4 Qxe2 27. Qxa4 dxc4 28. Qxa7 c3 29. Rbc1 c2 30. Qc5 Rc8 31. Qg5 Nd7 32.
Bf4 Nb6 33. Be5 Nd7 34. Bf4 Qd3 35. d5 Nc5 36. Qf6 Ne4 37. Qb2 Nc3 38. Bh6
Kh7 39. Bg5 Ne2+ 40. Kh1 Nxc1 41. Rxc1 Qd1+ 42. Kh2 Qh5+ 43. Kg3 Qxg5+ 44.
Kf3 Rc4 45. g3 Qxd5# {White checkmated} 0-1

[Event "ICC tourney 2754 (45 5)"]
[Site "Internet Chess Club"]
[Date "2021.12.04"]
[Round "4"]
[White "ZILBERSTEIN, DMITRY:Zil"]
[Black "Turcotte, Jonathan:JonnyTurgi"]
[Result "0-1"]
[ICCResult "White resigns"]
[WhiteElo "2289"]
[BlackElo "2000"]
[Opening "QGD semi-Slav"]
[ECO "D43"]
[NIC "SL.03"]
[Time "17:46:03"]
[PlyCount "82"]
[TimeControl "2700+5"]

1. d4 d5 2. c4 c6 3. Nf3 Nf6 4. Nc3 e6 5. Qd3 b6 6. g3 Ba6 7. b3 b5 8. cxb5
cxb5 9. Qe3 Nc6 10. Bh3 Nb4 11. Kd1 Rc8 12. Bb2 Be7 13. a3 Nc6 14. Kd2 Na5
15. Nd1 b4 16. Ne5 Ne4+ 17. Ke1 Rc2 18. Bg4 h5 19. Qf3 Rxe2+ 20. Qxe2 Bxe2
21. Bxe2 O-O 22. f3 Nxb3 23. fxe4 Nxa1 24. Bxa1 bxa3 25. Nc6 Qc7 26. exd5
exd5 27. Nxe7+ Qxe7 28. Kf2 Rc8 29. Bd3 Rc1 30. Bc3 a2 31. Re1 Qf6+ 32. Kg2
g6 33. Rf1 Qc6 34. Bb2 a1=Q 35. Bxa1 Rxa1 36. Ne3 Rxf1 37. Bxf1 a5 38. Be2
a4 39. Bf3 a3 40. Nxd5 Qc2+ 41. Kh3 a2 {White resigns} 0-1

[Event "ICC tourney 2754 (45 5)"]
[Site "Internet Chess Club"]
[Date "2021.12.04"]
[Round "4"]
[White "SHAWKAT, SAIF:saif-shawkat"]
[Black "YAN, RUIYANG:jy2020"]
[Result "1/2-1/2"]
[ICCResult "Game drawn by mutual agreement"]
[WhiteElo "1976"]
[BlackElo "2151"]
[Opening "Sicilian: Najdorf"]
[ECO "B90"]
[NIC "SI.14"]
[Time "17:45:08"]
[PlyCount "81"]
[TimeControl "2700+5"]

1. e4 c5 2. Nf3 d6 3. d4 cxd4 4. Nxd4 Nf6 5. Nc3 a6 6. Nb3 e5 7. Bg5 Be6 8.
Bxf6 Qxf6 9. Nd5 Qd8 10. Qd3 Nd7 11. O-O-O g6 12. Kb1 Rc8 13. h4 h5 14. g3
Nb6 15. Nxb6 Qxb6 16. f4 Qc6 17. Bh3 Bc4 18. Qc3 Rc7 19. Na5 Qc5 20. b3 Be2
21. Qxc5 Rxc5 22. Nxb7 Bxd1 23. Nxc5 Bxc2+ 24. Kxc2 dxc5 25. fxe5 Bg7 26. e6
Be5 27. g4 fxe6 28. gxh5 Rxh5 29. Bxe6 g5 30. Bg4 Rxh4 31. Rxh4 gxh4 32. Kd3
Ke7 33. Ke3 Kf6 34. Kf3 a5 35. Kg2 Bg3 36. Bd7 Ke5 37. Bc6 Kd4 38. Bd5 Kc3
39. a4 Kd4 40. Kh3 Ke5 41. Bc6 {Game drawn by mutual agreement} 1/2-1/2

[Event "ICC tourney 2754 (45 5)"]
[Site "Internet Chess Club"]
[Date "2021.12.04"]
[Round "4"]
[White "Vittal, Sanjana:MCTS13"]
[Black "TAO, SIHAN:K06-16931716"]
[Result "1/2-1/2"]
[ICCResult "Game drawn because neither player has mating material"]
[WhiteElo "2005"]
[BlackElo "1781"]
[Opening "Sicilian: closed"]
[ECO "B23"]
[NIC "SI.44"]
[Time "17:45:33"]
[PlyCount "124"]
[TimeControl "2700+5"]

1. e4 c5 2. Nc3 d6 3. f4 g6 4. Nf3 Bg7 5. Bb5+ Bd7 6. Bc4 Nc6 7. d3 e6 8.
O-O Nge7 9. f5 gxf5 10. Ng5 h6 11. Nxf7 Kxf7 12. exf5 Bd4+ 13. Kh1 Kg7 14.
Qg4+ Kh7 15. fxe6 Be8 16. Ne4 Bg6 17. Qh3 Kg7 18. Qg3 Rf8 19. Bxh6+ Kxh6 20.
Nxd6 Be5 21. Qh4+ Kg7 22. Nf7 Rxf7 23. exf7 Qh8 24. g3 Qxh4 25. gxh4 Rf8 26.
Rg1 Rh8 27. Raf1 Kf8 28. Rg4 Rh7 29. c3 Bxf7 30. h5 Ke8 31. Bxf7+ Rxf7 32.
Rxf7 Kxf7 33. Kg2 Nf5 34. Re4 Bf6 35. Kf3 Ne5+ 36. Kf4 Nd6 37. Rxe5 Bxe5+
38. Kxe5 Ne8 39. d4 cxd4 40. cxd4 Nf6 41. h6 Ng4+ 42. Kd6 Nxh6 43. Kc7 b5
44. d5 Nf5 45. d6 Nd4 46. d7 Ne6+ 47. Kc8 Ke7 48. Kb7 Kxd7 49. Kxa7 Kc6 50.
Ka6 Ng5 51. Ka5 Nh3 52. a4 bxa4 53. Kxa4 Kb6 54. Kb4 Nf4 55. Kc4 Kc6 56. b4
Nd5 57. h4 Nxb4 58. Kxb4 Kd5 59. Kc3 Ke6 60. Kd4 Kf5 61. Ke3 Kg4 62. Ke4
Kxh4 {Game drawn because neither player has mating material} 1/2-1/2

[Event "ICC tourney 2754 (45 5)"]
[Site "Internet Chess Club"]
[Date "2021.12.04"]
[Round "4"]
[White "QUIRKE, JEFFREY L:PawnEatingZombi"]
[Black "BAGCHI, SOUNAK:Chesssaga"]
[Result "1/2-1/2"]
[ICCResult "Game drawn by repetition"]
[WhiteElo "2006"]
[BlackElo "1876"]
[Opening "Nimzo-Indian: classical variation"]
[ECO "E32"]
[NIC "NI.24"]
[Time "17:45:38"]
[PlyCount "119"]
[TimeControl "2700+5"]

1. d4 Nf6 2. c4 e6 3. Nc3 Bb4 4. Qc2 O-O 5. e4 d5 6. e5 Ne4 7. Bd3 c5 8. Nf3
cxd4 9. Nxd4 Nd7 10. Bf4 Ndc5 11. O-O Bxc3 12. bxc3 Bd7 13. Be2 f6 14. cxd5
exd5 15. c4 fxe5 16. Bxe5 Qe7 17. f4 Bc6 18. Nxc6 bxc6 19. Rad1 Rad8 20. Qb2
Nf6 21. Qa3 Rfe8 22. cxd5 cxd5 23. Bb5 Nce4 24. Qxe7 Rxe7 25. h3 h6 26. Rf3
Rc8 27. Rfd3 Kh7 28. Bxf6 Nxf6 29. Ba4 Re4 30. Bb3 Rxf4 31. Bxd5 Nxd5 32.
Rxd5 Ra4 33. R1d2 Rc1+ 34. Kh2 Ra1 35. Rd7 R1xa2 36. R2d3 R2a3 37. Rd2 Ra2
38. R2d3 Ra6 39. Rg3 Rg6 40. Rc7 a5 41. Ra7 a4 42. Ra5 Rxg3 43. Kxg3 Kg6 44.
Kf3 a3 45. h4 Ra1 46. Kg3 Kf6 47. Kg4 Kg6 48. Kg3 h5 49. Kh2 Kh6 50. Kg3 g6
51. Kh2 Kg7 52. Kg3 Kf6 53. Kf3 Ke6 54. Kf4 Kf6 55. Ra6+ Kf7 56. Ra7+ Kf6
57. Ra6+ Kf7 58. Ra7+ Kf6 59. Ra6+ Kf7 60. Ra7+ {Game drawn by repetition}
1/2-1/2

[Event "ICC tourney 2754 (45 5)"]
[Site "Internet Chess Club"]
[Date "2021.12.04"]
[Round "4"]
[White "WU, JAYDEN:SparkyNinja"]
[Black "JIANG, JASON:JasonJiang10"]
[Result "0-1"]
[ICCResult "White forfeits on time"]
[WhiteElo "1718"]
[BlackElo "1754"]
[Opening "Sicilian: closed"]
[ECO "B24"]
[NIC "SI.44"]
[Time "17:45:40"]
[PlyCount "84"]
[TimeControl "2700+5"]

1. e4 c5 2. Nc3 Nc6 3. g3 g6 4. Bg2 Bg7 5. d3 Nf6 6. f4 d6 7. Nf3 O-O 8. O-O
e5 9. Nh4 Bg4 10. Qe1 exf4 11. Bxf4 Qd7 12. Qd2 Ne5 13. Bh6 Qe6 14. Qg5 Nh5
15. Bxg7 Nxg7 16. Nd5 Ne8 17. Rf2 f6 18. Qh6 Qd7 19. Raf1 Be6 20. Qd2 Bxd5
21. exd5 Kg7 22. h3 Nc7 23. g4 Rae8 24. g5 f5 25. Nf3 Kg8 26. c4 Qg7 27. Re2
Nxf3+ 28. Bxf3 Rxe2 29. Bxe2 Qd4+ 30. Kh1 Re8 31. Bf3 Re3 32. Qa5 Ne8 33.
Qd8 Qxb2 34. Bg2 Qe5 35. Qd7 Qe7 36. Qa4 b6 37. Qb3 Ng7 38. a4 Nh5 39. Kg1
Ng3 40. Ra1 Re1+ 41. Rxe1 Qxe1+ 42. Kh2 Ne2 {White forfeits on time} 0-1